 Dungeon Crawl Stone Soup version 0.23.2-1-ga50397a6bc (webtiles) character file.

Game seed: 9940225774707428226

161 Mrkan the Ruffian (level 5, 0/50 HPs)
             Began as a Troll Monk on May 21, 2019.
             Was a Believer of Okawaru.
             Slain by NeAGen181's ghost (5 damage)
             ... on level 3 of the Dungeon.
             The game lasted 00:05:18 (2152 turns).

Mrkan the Ruffian (Troll Monk)                      Turns: 2152, Time: 00:05:19

Health: 0/50       AC:  6    Str: 19    XL:     5   Next: 18%
Magic:  4/4        EV: 10    Int:  6    God:    Okawaru [**....]
Gold:   84         SH:  0    Dex: 13    Spells: 4/4 levels left

rFire    . . .     SeeInvis .     - Unarmed
rCold    . . .     Gourm    +   (no shield)
rNeg     . . .     Faith    .   a - +0 robe
rPois    .         Spirit   .   (helmet restricted)
rElec    .         Reflect  .   (no cloak)
rCorr    .         Harm     .   (gloves unavailable)
MR       .....                  (boots unavailable)
Stlth    ++........             (no amulet)
HPRegen  0.56/turn              (no ring)
MPRegen  0.09/turn              (no ring)

@: no status effects
A: large, unfitting armour, claws 3, fast metabolism 3, gourmand, regeneration
1, shaggy fur 1, tough skin 3
a: Heroism, Renounce Religion


You were on level 3 of the Dungeon.
You worshipped Okawaru.
Okawaru was pleased with you.
You were very full.

You visited 1 branch of the dungeon, and saw 3 of its levels.

You collected 84 gold pieces.

Inventory:

Armour
 a - a +0 robe (worn)
Jewellery
 p - an uncursed ring of protection from magic {unknown}
Scrolls
 e - 8 scrolls of identify {unknown}
 h - a scroll of fear {unknown}
 i - 2 scrolls of teleportation {unknown}
 j - a scroll of remove curse {unknown}
 k - a scroll of noise {unknown}
 l - a scroll of fog {unknown}
 m - a scroll of random uselessness {unknown}
 o - a scroll of amnesia {unknown}
Potions
 c - 2 potions of heal wounds {unknown}
 d - 2 potions of flight {unknown}
 f - a potion of degeneration {unknown}
 g - a potion of resistance {unknown}
Comestibles
 b - 8 rations


   Skills:
 - Level 2.4 Fighting
 - Level 2.4 Dodging
 - Level 1.0 Stealth
 * Level 5.9 Unarmed Combat


You had 4 spell levels left.
You didn't know any spells.
Your spell library contained the following spells:

 Spells                   Type           Power        Failure   Level  Hunger
 Animate Skeleton         Necr           N/A          45%         1    ##.....
 Apportation              Tloc           #.....       45%         1    ##.....
 Confusing Touch          Hex            #.....       45%         1    ##.....
 Summon Small Mammal      Summ           #...         45%         1    ##.....


Dungeon Overview and Level Annotations

Branches:
Dungeon (3/15)

Altars:
Elyvilon
Fedhas
Kikubaaqudgha
Okawaru
Ru
Sif Muna
Zin
The Shining One

Annotations:
D:3 NeAGen181's ghost, amateur HOFi


Innate Abilities, Weirdness & Mutations

You are too large for most types of armour.
You have claws for hands.
Your metabolism is lightning-fast.
You like to eat raw meat.
Your natural rate of healing is unusually fast.
You are covered in fur. (AC +1)
You have extremely tough skin. (AC +3)


Message History

You scratch NeAGen181's ghost.
NeAGen181's ghost is lightly damaged.
NeAGen181's ghost hits you.
All of the chunks of flesh in your inventory have rotted away.
You scratch NeAGen181's ghost. Your claw misses NeAGen181's ghost.
NeAGen181's ghost is moderately damaged.
NeAGen181's ghost lets out a mournful wail.
NeAGen181's ghost hits you!
You scratch NeAGen181's ghost but do no damage.
NeAGen181's ghost is moderately damaged.
NeAGen181's ghost hits you!
* * * LOW HITPOINT WARNING * * *
You barely miss NeAGen181's ghost.
NeAGen181's ghost is moderately damaged.
NeAGen181's ghost hits you!
* * * LOW HITPOINT WARNING * * *
You scratch NeAGen181's ghost but do no damage.
NeAGen181's ghost is moderately damaged.
NeAGen181's ghost hits you.
You die...

#..#
#..#..#.P#(.#.
....#
#..#.)#..#.)#.
##....
###..#'##..##'#.
...##
#.............##
.##.
#.#.........⌠...
.. #.
###.#.#'#####.....
#Z....#..#.†#####.
#W#.#.#.)#..'...#.
#@#.#.#######...).
#.#.<.P.....#####.
#.###.............
#......##..####.#.
#.####^......##.##
#.####.##..#.##...
#.......).........
#..###.##..#.#####
#..###.#.#....>...


You could see NeAGen181's ghost and a worker ant simulacrum.

Vanquished Creatures
  Jessica (D:2)
  A worker ant zombie (D:3)
  3 adders
  A shadow imp (D:2)
  A worker ant simulacrum (D:3)
  An adder zombie (D:1)
  2 worms (D:2)
  3 leopard geckos
  3 orcs (D:3)
  10 bats
  3 giant cockroaches
  4 goblins
  12 hobgoblins
  4 jackals (D:2)
  A quokka (D:2)
  4 frilled lizards
  6 kobolds
  A leopard gecko zombie (D:1)
  8 rats
69 creatures vanquished.

Notes
Turn   | Place    | Note
-------+----------+-------------------------------------------
     0 | D:1      | Mrkan the Troll Monk began the quest for the Orb.
     0 | D:1      | Reached XP level 1. HP: 22/22 MP: 0/0
    86 | D:1      | Reached XP level 2. HP: 29/29 MP: 1/1
   317 | D:1      | Reached skill level 4 in Unarmed Combat
   644 | D:1      | Reached XP level 3. HP: 36/36 MP: 2/2
  1168 | D:2      | Found a deep blue altar of Sif Muna.
  1238 | D:2      | Reached XP level 4. HP: 44/44 MP: 3/3
  1240 | D:2      | Found an ancient bone altar of Kikubaaqudgha.
  1268 | D:2      | Noticed Jessica
  1272 | D:2      | Killed Jessica
  1272 | D:2      | Reached skill level 5 in Unarmed Combat
  1477 | D:2      | Found an iron altar of Okawaru.
  1486 | D:2      | Became a worshipper of Warmaster Okawaru
  1486 | D:2      | Reached * piety under Okawaru
  1486 | D:2      | Reached ** piety under Okawaru
  1583 | D:2      | Found a glowing golden altar of the Shining One.
  1583 | D:2      | Found a white marble altar of Elyvilon.
  1583 | D:2      | Found a glowing silver altar of Zin.
  1669 | D:2      | Found a sacrificial altar of Ru.
  1788 | D:3      | Found a runed translucent gate.
  1835 | D:3      | Found a blossoming altar of Fedhas.
  1873 | D:3      | Found a runed translucent gate.
  1873 | D:3      | Found a runed translucent gate.
  1952 | D:3      | Reached XP level 5. HP: 45/50 MP: 4/4
  2113 | D:3      | Noticed NeAGen181's ghost (amateur HOFi)
  2152 | D:3      | Slain by NeAGen181's ghost

Skill      XL: |  1  2  3  4 |
---------------+-------------+-----
Unarmed Combat | 4 5 |  5.9
Fighting       | |  2.4
Dodging        | |  2.4
Stealth        | |  1.0

Action                   |  1- 3 |  4- 6 || total
-------------------------+-------+-------++-------
Melee: Unarmed           |   105 |    98 ||   203
       Punch             |     1 |       ||     1
 Stab: Sleeping          |     3 |     3 ||     6
  Eat: Chunk             |    16 |     8 ||    24
Armor: Robe              |    52 |    43 ||    95
Dodge: Dodged            |    63 |    42 ||   105
